 Dungeon Crawl Stone Soup version 0.29.1-1-gd02db6906a (webtiles) character file.

Game seed: 2455195863926244107

2531 H0rd4k the Slasher (level 9, -7/62 (70) HPs)
             Began as a Human Artificer on Sept 22, 2022.
             Was an Initiate of Gozag.
             Mangled by a wight
             ... wielding a +2 war axe
              (9 damage)
             ... on level 7 of the Dungeon on Sept 23, 2022.
             The game lasted 00:08:54 (10743 turns).

H0rd4k the Slasher (Human Artificer)               Turns: 10743, Time: 00:08:54

HP:   -7/62 (70)    AC:  7    Str: 13    XL:     9   Next: 84%
MP:   9/9           EV: 15    Int: 15    God:    Gozag
Gold: 519           SH:  0    Dex: 20    Spells: 8/8 levels left

rFire   + . .      SeeInvis .   x - +2 hammer of the Lurker {speed, Fragile rC+ Will+ Dex+6}
rCold   + + +      Faith    .   (no shield)
rNeg    . . .      Spirit   .   F - +3 leather armour {rC+}
rPois   .          Reflect  .   (no helmet)
rElec   +          Harm     .   (no cloak)
rCorr   .          Rampage  .   E - +0 pair of gloves of Disguise {+Blink rElec Will-}
Will    .....                   (no boots)
Stlth   ++........              (no amulet)
HPRegen 0.20/turn               m - ring of protection from fire
MPRegen 0.11/turn               G - ring of protection from cold

@: gold aura, heavily drained
A: no striking features
a: Renounce Religion, Evoke Blink, Potion Petition, Call Merchant, Bribe Branch


You were on level 7 of the Dungeon.
You worshipped Gozag.
Gozag was pleased with you.
You visited 2 branches of the dungeon, and saw 8 of its levels.

You collected 577 gold pieces.
You paid 58 gold pieces to Gozag.

Inventory:

Hand Weapons
 x - the +2 hammer of the Lurker (weapon) {speed, Fragile rC+ Will+ Dex+6}
   (You found it on level 4 of the Dungeon)

   Attacks with this weapon are significantly faster.
   Dex:       It affects your dexterity (+6).
   rC:        It protects you from cold.
   Fragile:   It will be destroyed if unequipped.
   Will:      It increases your willpower.
Armour
 b - a +0 leather armour
 t - a +0 pair of gloves
 E - the +0 pair of gloves of Disguise (worn) {+Blink rElec Will-}
   (You found it on level 6 of the Dungeon)

   rElec:     It insulates you from electricity.
   +Blink:    It lets you blink.
   Will:      It decreases your willpower.
 F - a +3 leather armour of cold resistance (worn)
Magical Staves
 s - a staff of conjuration
Jewellery
 m - a ring of protection from fire (left hand)
 G - a ring of protection from cold (right hand)
Wands
 c - a wand of flame (91) (quivered)
 d - a wand of charming (10)
 q - a wand of roots (4)
 B - a wand of mindburst (2)
 C - a wand of digging (7)
Scrolls
 e - a scroll of summoning {unknown}
 f - 13 scrolls of identify {unknown}
 g - 2 scrolls of silence {unknown}
 h - 2 scrolls of noise {unknown}
 j - a scroll of amnesia {unknown}
 k - 5 scrolls of blinking {unknown}
 l - a scroll of butterflies {unknown}
 p - a scroll of immolation {unknown}
 v - 3 scrolls of enchant weapon {unknown}
 y - a scroll of teleportation {unknown}
 A - a scroll of poison {unknown}
Potions
 a - a potion of flight {unknown}
 i - a potion of might
 n - 5 potions of curing
 o - 3 potions of heal wounds {unknown}
 r - a potion of brilliance {unknown}
 u - a potion of resistance {unknown}
 w - 2 potions of lignification {unknown}
 z - a potion of haste
 D - 2 potions of magic {unknown}


   Skills:
 + Level 6.3 Fighting
 * Level 7.9 Long Blades
 + Level 4.7 Maces & Flails
 - Level 2.0 Armour
 + Level 5.4 Dodging
 - Level 1.0 Stealth
 - Level 3.0 Evocations


You had 8 spell levels left.
You didn't know any spells.
Your spell library contained the following spells:

 Spells                   Type           Power      Damage    Failure   Level
 Sting                    Tmut/Pois      0%         1d3       34%         1
 Ozocubu's Armour         Ice            0%         N/A       71%         3
 Ozocubu's Refrigeration  Ice            0%         4d7       100%        7


Dungeon Overview and Level Annotations

Branches:
Dungeon (7/15)             Temple (1/1) D:5

Altars:
Cheibriados
Dithmenos
Gozag
Okawaru
Ru
Uskayaw
Yredelemnul

Shops:
D:1 (

Annotations:
D:2 exclusion: downstairs
D:4 1 runed translucent door, exclusion: door, Crazy Yiuf


Message History

The wight completely misses you.
You closely miss the wight.
The wight is almost destroyed.
The wight closely misses you.
You hit the wight but do no damage.
The wight is almost destroyed.
You hit the wight but do no damage.
The wight is almost destroyed.
The wight hits you with a +0 short sword.
You barely miss the wight.
The wight is almost destroyed.
The wight misses you.
You hit the wight.
The wight is almost destroyed.
The wight is no longer distracted by gold.
The wight barely misses you.
You hit the wight.
You destroy the wight!
You hit the wight.
The wight is lightly damaged.
You hit the wight but do no damage.
The wight is lightly damaged.
The wight hits you with a +2 war axe!
* * * LOW HITPOINT WARNING * * *
You hit the wight.
The wight is lightly damaged.
The wight barely misses you.
You closely miss the wight.
The wight is lightly damaged.
The wight hits you with a +2 war axe!
* * * LOW HITPOINT WARNING * * *
You feel drained.
* * * LOW HITPOINT WARNING * * *
You closely miss the wight.
The wight is lightly damaged.
You hit the wight but do no damage.
The wight is lightly damaged.
The wight hits you with a +2 war axe!
You die...
Your body crumbles into a pile of gold.

### #.# ...
### #.# ..#
#.# #.#
###.#### #.#
)).....# #z#
##### ###.##.#
#@# #...#
)....#.#
#.###...###
.##..#.#
#.#........#
.##..#.#
..###.).....#
..#..#.###
###.#........#
...........
#.#.......#
.......####
#...#...#.#
.#.#...#
##....#...#
.#.#...#
#.##.#.###


You could see a wight.

Vanquished Creatures
  Pikel (D:7)
  Prince Ribbit (D:4)
  Eustachio (D:6)
  2 steam dragons (D:7)
  Menkaure (D:6)
  A sky beast (D:7)
  2 orc warriors (D:7)
  2 black bears (D:5)
  An ogre (D:4)
  A centaur (D:3)
  A necrophage (D:4)
  3 wights (D:7)
  2 hounds
  2 orc priests (D:3)
  A jelly (D:6)
  8 orc wizards
  An iguana (D:6)
  A hound zombie (D:4)
  A howler monkey zombie (D:4)
  4 adders
  A shadow imp (D:6)
  A white imp (D:7)
  An ufetubus (D:6)
  2 adder zombies (D:4)
  A worm (D:2)
  2 dart slugs
  25 orcs
  6 bats
  6 endoplasms
  2 giant cockroaches
  7 goblins
  7 hobgoblins
  3 jackals (D:1)
  3 kobolds
  2 quokkas (D:2)
  3 ball pythons
  11 frilled lizards (D:2)
  4 rats
124 creatures vanquished.

Vanquished Creatures (collateral kills)
  An orc (D:3)
  A goblin (D:4)
2 creatures vanquished.

Vanquished Creatures (others)
  An adder (D:4)
  An orc (D:3)
  A jackal (D:1)
3 creatures vanquished.

Grand Total: 129 creatures vanquished

Notes
Turn   | Place    | Note
-------+----------+-------------------------------------------
     0 | D:1      | H0rd4k the Human Artificer began the quest for the Orb.
     0 | D:1      | Reached XP level 1. HP: 15/15 MP: 1/1
   373 | D:1      | Reached XP level 2. HP: 11/21 MP: 2/2
   535 | D:1      | Found Puuntig's Weapon Shop.
  1174 | D:1      | Reached skill level 1 in Maces & Flails
  1180 | D:1      | HP: 1/21 [jackal (1)]
  1187 | D:1      | Reached XP level 3. HP: 1/27 MP: 3/3
  2478 | D:2      | Found a faded altar of an unknown god.
  2486 | D:2      | Got Plato's Teachings on Changing
  2742 | D:2      | Reached XP level 4. HP: 17/33 MP: 4/4
  3679 | D:3      | Reached skill level 1 in Long Blades
  3941 | D:4      | Noticed a necrophage
  3945 | D:4      | Killed a necrophage
  3946 | D:4      | Reached skill level 2 in Long Blades
  3946 | D:4      | Reached XP level 5. HP: 38/38 MP: 5/5
  3987 | D:4      | Noticed an ogre
  4028 | D:4      | Killed an ogre
  4029 | D:4      | Reached skill level 3 in Long Blades
  4029 | D:4      | Reached XP level 6. HP: 22/46 MP: 6/6
  4383 | D:4      | Found a basalt altar of Yredelemnul.
  4480 | D:4      | Found a sacrificial altar of Ru.
  4674 | D:4      | Reached skill level 4 in Long Blades
  4926 | D:4      | Found a runed translucent door.
  4927 | D:4      | Noticed Crazy Yiuf
  4929 | D:4      | Identified the +2 hammer of the Lurker {speed, Fragile rC+
                  | Will+ Dex+6}
  5040 | D:5      | Entered Level 5 of the Dungeon
  5148 | D:5      | Noticed a black bear
  5429 | D:3      | Reached XP level 7. HP: 33/51 MP: 7/7
  6193 | D:5      | Reached skill level 5 in Long Blades
  6194 | D:5      | Noticed Prince Ribbit
  6492 | D:4      | Killed Prince Ribbit
  6883 | D:5      | Found a staircase to the Ecumenical Temple.
  6913 | Temple   | Entered the Ecumenical Temple
  6981 | Temple   | Became a worshipper of Gozag Ym Sagoz the Greedy
  7035 | D:5      | HP: 2/52 [black bear (1)]
  7037 | D:5      | Reached skill level 6 in Long Blades
  7037 | D:5      | Reached XP level 8. HP: 2/58 MP: 8/8
  8505 | D:6      | Noticed Menkaure
  8511 | D:6      | Killed Menkaure
  8512 | D:6      | Reached skill level 7 in Long Blades
  9144 | D:6      | Noticed Eustachio
  9152 | D:6      | Killed Eustachio
  9339 | D:6      | Identified the +0 pair of gloves of Disguise {+Blink rElec
                  | Will-}
  9666 | D:7      | Reached skill level 5 in Fighting
  9666 | D:7      | Reached XP level 9. HP: 40/68 MP: 9/9
  9950 | D:7      | Reached skill level 5 in Dodging
 10402 | D:7      | Noticed Pikel
 10419 | D:7      | Killed Pikel
 10741 | D:7      | HP: 2/62 [wight/+2 war axe (5)]
 10743 | D:7      | Mangled by a wight

Illustrated notes

Levels and vault maps discovered:
D:1:      scummos_arrival_forest, layout_basic, serial_shops,
          nicolae_shop_bloodbath_and_beyond, kennysheep_boxes
D:2:      layout_loops_corners, shapermc_ecumenical_altar_rom_forum,
          minmay_lizard_pond
D:3:      layout_basic
D:4:      layout_loops_ring, nicolae_yredelemnul_corpse_copse,
          mainiacjoe_overflow_alcove_2, uniq_crazy_yiuf_cottage
D:5:      layout_cave_pools, temple_statues, uniq_prince_ribbit1
D:6:      layout_layer_cave, kennysheep_generic_room_16, uniq_menkaure,
          uniq_eustachio
D:7:      layout_loops_ring, uniq_pikel
Temple:   hellmonk_temple_forest_ring

Skill      XL: |  1  2  3  4  5  6  7  8  9 |
---------------+----------------------------+-----
Maces & Flails | 1 2 4 |  4.7
Dodging        | 2 3 4 5 |  5.4
Fighting       | 2 3 5 6 |  6.3
Long Blades    | 2 3 4 6 7 |  7.9
Armour         | |  2.0
Stealth        | |  1.0
Evocations     | |  3.0

Action                   |  1- 3 |  4- 6 |  7- 9 || total
-------------------------+-------+-------+-------++-------
Melee: Club              |   163 |     5 |       ||   168
       Triple sword      |       |    97 |       ||    97
       Mace              |       |    15 |   356 ||   371
       Punch             |       |       |     3 ||     3
Evoke: Wand              |     7 |     7 |    19 ||    33
  Use: Potion            |       |       |     1 ||     1
 Stab: Sleeping          |     2 |     4 |     1 ||     7
       Distracted        |       |       |     1 ||     1
Armor: Leather armour    |    44 |    51 |    67 ||   162
Dodge: Dodged            |   116 |   134 |   181 ||   431
